 Dungeon Crawl Stone Soup version 0.29-a0-973-gac7da5f7f0 (webtiles) character file.

Game seed: 4038978066009523726

1814 gelatine the Cudgeller (level 9, -1/74 HPs)
             Began as a Formicid Fighter on Aug 1, 2022.
             Slain by a yak (6 damage)
             ... on level 6 of the Dungeon.
             The game lasted 00:24:30 (5412 turns).

gelatine the Cudgeller (Formicid Fighter)           Turns: 5412, Time: 00:24:31

Health: -1/74      AC: 14    Str: 24    XL:     9   Next: 31%
Magic:  0/20       EV: 11    Int:  7    God:
Gold:   347        SH:  5    Dex: 13    Spells: 8/10 levels left

rFire   . . .      SeeInvis +   x - +2 flail (protect)
rCold   . . .      Faith    .   c - +0 buckler
rNeg    . . .      Spirit   +   p - +0 swamp dragon scales
rPois   +          Reflect  .   (helmet unavailable)
rElec   .          Harm     .   (no cloak)
rCorr   .          Rampage  .   (no gloves)
Will    .....                   m - +1 pair of boots
Stlth   +.........              y - amulet of guardian spirit
HPRegen 0.22/turn               k - ring of magical power
MPRegen 0.17/turn               a - ring of wizardry

@: corroded, under a protective aura
A: permanent stasis, dig shafts and tunnels, antennae 3, four strong arms,
deterioration 1, dopey 1, robust 1
a: Dig, Shaft Self


You were on level 6 of the Dungeon.
You visited 2 branches of the dungeon, and saw 7 of its levels.

You collected 347 gold pieces.

Inventory:

Hand Weapons
 n - a +0 vorpal broad axe
 x - a +2 flail of protection (weapon)
Missiles
 h - 12 poisoned darts
 u - 10 boomerangs (quivered)
Armour
 c - a +0 buckler (worn)
 e - an orb of mayhem
 j - a +1 leather armour of cold resistance
 m - a +1 pair of boots (worn)
 p - +0 swamp dragon scales (worn)
 r - a +0 plate armour
 w - a +2 leather armour of positive energy
 z - a +2 robe of willpower
Magical Staves
 i - a staff of death
Jewellery
 a - a ring of wizardry (right hand)
 k - a ring of magical power (left hand)
 y - an amulet of guardian spirit (around neck)
Scrolls
 b - a scroll of identify
 l - a scroll of amnesia
 s - a scroll of butterflies
Potions
 d - a potion of might
 f - 5 potions of attraction
 g - a potion of curing
 o - a potion of ambrosia


   Skills:
 + Level 5.4 Fighting
 + Level 7.3 Maces & Flails
 + Level 2.6 Throwing
 + Level 6.9 Armour
 + Level 1.5 Dodging
 + Level 1.0 Stealth
 + Level 6.0 Shields
 * Level 1.3 Spellcasting
 * Level 1.8 Hexes
 + Level 0.4 Ice Magic


You had 8 spell levels left.
You knew the following spells:

 Your Spells              Type           Power      Damage    Failure   Level
a - Ensorcelled Hibernat  Hex/Ice        4%         N/A       26%         2

Your spell library contained the following spells:

 Spells                   Type           Power      Damage    Failure   Level
 Scorch                   Fire           0%         2d5       38%         2
 Spider Form              Tmut/Pois      0%         N/A       61%         3
 Anguish                  Hex/Necr       0%         N/A       86%         4
 Fulminant Prism          Conj/Hex       0%         3d6       86%         4
 Flame Wave               Conj/Fire      0%         2d4       94%         4
 Iskenderun's Mystic Bla  Conj/Tloc      0%         2d3       94%         4
 Lee's Rapid Deconstruct  Erth           0%         3d5*      100%        5
 Summon Cactus Giant      Summ           0%         N/A       100%        6


Dungeon Overview and Level Annotations

Branches:
Dungeon (6/15)             Temple (1/1) D:6

Altars:
Ashenzari
Cheibriados
Dithmenos
Elyvilon
Fedhas
Gozag
Hepliaklqana
Kikubaaqudgha
Makhleb
Nemelex Xobeh
Okawaru
Qazlal
Ru
Sif Muna
Trog
Uskayaw
Vehumet
Xom
Yredelemnul
Zin
The Shining One

Shops:
D:3 [

Annotations:
D:6 1 runed translucent door, xian's ghost, novice SpCj


Innate Abilities, Weirdness & Mutations

You cannot be hasted, slowed, berserked, paralysed or teleported.
You can dig through walls and to a lower floor.
You have a pair of large antennae on your head. (SInv)
Your four strong arms can wield two-handed weapons with a shield.
Your body sometimes deteriorates upon taking damage.
You are dopey. (Int -2)
You are robust. (+10% HP)


Message History

You block the yak's attack.
You sock the yak!
The yak is heavily wounded.
The yak gores you. x2; The yak barely misses you.
You hit the yak.
The yak is severely wounded.
The yak gores you but does no damage. The yak closely misses you.
The yak gores you.
You barely miss the yak.
The yak is severely wounded.
You block the yak's attack. The yak barely misses you.
You block the yak's attack.
You sock the yak!
You kill the yak!
The yak closely misses you.
The jelly jiggles.
The yak misses you.
Your Stealth skill increases to level 1!
Your Shields skill increases to level 6!
You hit the jelly.
Your hands burn!
The jelly is lightly wounded.
The yak gores you. The jelly hits you but does no damage.
The yak closely misses you.
You hit the jelly. The acid corrodes you!
Your hands burn!
The jelly is heavily wounded.
The yak gores you!
* * * LOW HITPOINT WARNING * * *
The jelly hits you but does no damage. The yak gores you but does no damage.
You hit the jelly but do no damage.
Your hands burn!
* * * LOW HITPOINT WARNING * * *
The jelly is heavily wounded.
The yak gores you.
* * * LOW HITPOINT WARNING * * *
The jelly barely misses you. The yak gores you.
* * * LOW HITPOINT WARNING * * *
Are you sure you want to shaft yourself?
The yak gores you.
* * * LOW HITPOINT WARNING * * *
The jelly closely misses you. The yak gores you!
You die...

#..............#........
#.....>..###...#......#.
####..........###.....#.
#....................
#........#.....#.....
#......###..>..###..#
##........#.....#.....
##...YY........).....##
###..#.#@###...###.....##
.......#J#......#...#..##
................#..#...##
.......#.#........#..#.##
.................##.##.##
..........#......##.##...
......#...#.#######.####.
......###...# #.....>
..... ...### #######


You could see 2 yaks and a jelly.

Vanquished Creatures
  Maggie (D:6)
  2 yaks (D:6)
  Duvessa (D:4)
  2 black bears (D:6)
  An ogre (D:5)
  Blork the orc (D:5)
  3 bullfrogs
  Dowan (D:4)
  4 jellies
  2 orc priests
  5 hounds
  An iguana (D:6)
  2 orc wizards (D:4)
  A gnoll (D:4)
  3 adders
  2 shadow imps (D:6)
  3 dart slugs
  26 orcs
  4 ball pythons
  5 endoplasms
  2 giant cockroaches
  4 hobgoblins
  2 quokkas
  5 bats
  3 frilled lizards (D:1)
  6 goblins
  5 kobolds
  5 rats
102 creatures vanquished.

Notes
Turn   | Place    | Note
-------+----------+-------------------------------------------
     0 | D:1      | gelatine the Formicid Fighter began the quest for the Orb.
     0 | D:1      | Reached XP level 1. HP: 18/18 MP: 1/1
   171 | D:1      | Reached XP level 2. HP: 14/24 MP: 2/2
  1097 | D:1      | You fall into a shaft and drop 1 floor!
  1233 | D:2      | Reached XP level 3. HP: 29/29 MP: 3/3
  2030 | D:3      | Found Qaitiv's Antique Armour Shop.
  2077 | D:3      | Reached XP level 4. HP: 37/37 MP: 4/4
  2160 | D:3      | Reached skill level 3 in Maces & Flails
  2658 | D:4      | Noticed Duvessa
  2666 | D:5      | Entered Level 5 of the Dungeon
  2749 | D:5      | Reached XP level 5. HP: 22/42 MP: 5/5
  2759 | D:5      | Noticed Blork the orc
  2768 | D:5      | Killed Blork the orc
  2894 | D:4      | Reached XP level 6. HP: 48/48 MP: 6/6
  2898 | D:4      | Noticed Dowan
  2899 | D:4      | Reached skill level 4 in Maces & Flails
  2907 | D:4      | Killed Duvessa
  2908 | D:4      | Reached skill level 5 in Shields
  2931 | D:4      | Killed Dowan
  2932 | D:4      | Reached skill level 5 in Armour
  2933 | D:4      | Gained mutation: Your body sometimes deteriorates upon
                  | taking damage. [potion of mutation]
  2933 | D:4      | Gained mutation: You are dopey. (Int -2) [potion of
                  | mutation]
  2933 | D:4      | Gained mutation: You are robust. (+10% HP) [potion of
                  | mutation]
  3258 | D:4      | Reached XP level 7. HP: 57/59 MP: 7/7
  3316 | D:4      | Reached skill level 1 in Throwing
  3412 | D:4      | Reached skill level 1 in Dodging
  3966 | D:5      | Reached skill level 5 in Maces & Flails
  3971 | D:5      | HP: 2/58 [orc priest/+0 trident (4)]
  3972 | D:5      | You fall into a shaft and drop 1 floor!
  4294 | D:6      | Reached XP level 8. HP: 60/66 MP: 8/8
  4503 | D:6      | Found a staircase to the Ecumenical Temple.
  4515 | Temple   | Entered the Ecumenical Temple
  4895 | D:6      | Reached skill level 6 in Maces & Flails
  4995 | D:6      | Noticed xian's ghost (novice SpCj)
  5097 | D:6      | Noticed Maggie
  5115 | D:6      | Killed Maggie
  5116 | D:6      | Reached skill level 5 in Fighting
  5116 | D:6      | Reached skill level 7 in Maces & Flails
  5116 | D:6      | Reached XP level 9. HP: 73/74 MP: 9/9
  5151 | D:6      | Learned a level 2 spell: Ensorcelled Hibernation
  5299 | D:6      | Found a runed translucent door.
  5404 | D:6      | Reached skill level 1 in Spellcasting
  5404 | D:6      | Reached skill level 1 in Hexes
  5409 | D:6      | Reached skill level 1 in Stealth
  5412 | D:6      | Slain by a yak

Illustrated notes

Levels and vault maps discovered:
D:1:      minmay_arrival_statue_studded, layout_basic
D:2:      layout_basic, nicolae_figureground_pulse
D:3:      layout_rooms, serial_shops, nicolae_shop_trees
D:4:      minmay_spotlight, layout_rooms, uniq_duvessa
D:5:      layout_cave_pods, uniq_blork_the_orc
D:6:      layout_rooms, minmay_temple_entry_tees,
          hellmonk_ghost_happy_afterlife, patterned_corridor, uniq_maggie
Temple:   nicolae_temple_bog_church

Skill      XL: |  1  2  3  4  5  6  7  8  9 |
---------------+----------------------------+-----
Maces & Flails | 3 4 5 7 |  7.3
Armour         | 4 5 6 |  6.9
Fighting       | 4 5 |  5.4
Shields        | 5 6 |  6.0
Throwing       | 1 2 |  2.6
Dodging        | 1 |  1.5
Spellcasting   | 1 |  1.3
Hexes          | 1 |  1.8
Stealth        | 1 |  1.0
Ice Magic      | |  0.4

Action                   |  1- 3 |  4- 6 |  7- 9 || total
-------------------------+-------+-------+-------++-------
Melee: Flail             |    81 |    77 |   166 ||   324
Throw: Dart              |       |    16 |       ||    16
       Boomerang         |       |    11 |    16 ||    27
 Cast: Ensorcelled Hiber |       |       |     4 ||     4
 Abil: Shaft Self        |       |       |     2 ||     2
       Dig               |       |       |     1 ||     1
  Use: Scroll            |     2 |    10 |     4 ||    16
       Potion            |       |     4 |     1 ||     5
 Stab: Sleeping          |       |       |     1 ||     1
Armor: Scale mail        |    21 |       |       ||    21
       Chain mail        |    18 |       |       ||    18
       Plate armour      |     4 |    59 |   113 ||   176
       Swamp dragon scal |       |       |    17 ||    17
Dodge: Dodged            |    29 |    26 |    77 ||   132
Block: Buckler           |    22 |    21 |    42 ||    85

Table legend: (Time is in decaauts)
 A = Elapsed time spent in this place.
 B = Non-inter-level travel time spent in this place.
 C = Inter-level travel time spent in this place.
 D = Time resting spent in this place.
 E = Time spent auto-exploring this place.
 F = Levels seen in this place.
 G = Mean time per level.
                   A        B        C        D        E       F      G
               +--------+--------+--------+--------+--------+-----+--------+
         Total |   5496 |   5099 |    397 |    666 |   3080 |   7 |  785.1 |
       Dungeon |   5170 |   4897 |    273 |    666 |   2918 |   6 |  861.7 |
        Temple |    325 |    201 |    124 |      0 |    162 |   1 |  325.0 |
               +--------+--------+--------+--------+--------+-----+--------+

Top non-repeatable levels by time:
     D:1: 1220 daAuts
     D:6: 1137 daAuts
     D:2: 998 daAuts
     D:4: 866 daAuts
     D:3: 689 daAuts
  Temple: 325 daAuts
     D:5: 257 daAuts
